 Adventure DCSS version bcrawl-1.32 (webtiles) character file.

Game seed: 17707515337405943242

89408 Leeroy the Slasher (level 4, 26/26 HPs)
             Began as a Skeleton Skald on Aug 3, 2021.
             Quit the game on level 4 of the Dungeon.
             The game lasted 00:03:46 (3472 turns).

Leeroy the Slasher (Skeleton Skald)                 Turns: 3472, Time: 00:03:46

Health: 26/26      AC: 10    Str: 17    XL:     4   Next: 45%
Magic:  8/8        EV:  8    Int: 12    God:
Gold:   225        SH:  1    Dex:  9    Spells: 1/9 levels left
                                        Lives:  1   Deaths: 1

rFire    . . .     SeeInvis .   a - +0 long sword
rCold    + . .     Gourm    .   (no shield)
rNeg     + + +     Faith    .   c - +0 chain mail (curse)
rPois    ∞         Spirit   +   (no helmet)
rElec    .         Reflect  .   (no cloak)
rCorr    .         Harm     .   e - +1 pair of gloves
MR       .....                  (no boots)
Stlth    +.........             g - amulet of magic regeneration
HPRegen  0.08/turn              k - ring of stealth
MPRegen  0.36/turn              (no ring)

@: no status effects
A: no food or potions, cold resistance 1, deterioration 1, negative energy
resistance 3, torment resistance, unbreathing, magic shield, sturdy frame 1,
spell healing
a: no special abilities


You were on level 4 of the Dungeon.
You were not hungry.

You visited 1 branch of the dungeon, and saw 4 of its levels.

You collected 225 gold pieces.

Inventory:

Hand Weapons
 a - a +0 long sword (weapon)
 l - a +1 dagger of speed
Missiles
 h - 508 stones (quivered)
Armour
 b - a +0 leather armour
 c - a cursed +0 chain mail (worn)
 e - a +1 pair of gloves (worn)
Jewellery
 g - an amulet of magic regeneration (around neck)
 k - a ring of stealth (left hand)
Scrolls
 d - 3 scrolls of fear
 f - 3 scrolls of teleportation
 i - 2 scrolls of identify
 j - a scroll of noise
 m - 2 scrolls of blinking {unknown}
 n - a scroll of enchant weapon {unknown}


   Skills:
 - Level 2.0 Fighting
 + Level 7.0 Long Blades
 - Level 1.1 Armour
 - Level 2.0 Dodging
 - Level 3.0 Spellcasting
 - Level 3.2 Charms


You had one spell level left.
You knew the following spells:

 Your Spells              Type           Power        Failure   Level  Hunger
a - Infusion              Chrm           #.......     47%         1    N/A
b - Song of Slaying       Chrm           #.......     63%         2    N/A
c - Swiftness             Chrm/Air       #.......     85%         2    N/A
d - Spectral Weapon       Hex/Chrm       #.......     97%         3    N/A

Your spell library contained the following spells:

 Spells                   Type           Power        Failure   Level  Hunger
 Ozocubu's Armour         Chrm/Ice       #.......     97%         3    N/A
 Regeneration             Chrm/Necr      Unusable     N/A         3    N/A

Dungeon Overview and Level Annotations

Branches:
Dungeon (4/12)
 Temple: D:4-7

Altars:
Cheibriados

Annotations:
D:2 1 runed door


Innate Abilities, Weirdness & Mutations

You do not eat or drink.
You are immune to poison.
Your flesh is cold resistant. (rC+)
Your body sometimes deteriorates upon taking damage.
You are immune to negative energy. (rN+++)
You are immune to unholy pain and torment.
You can survive without breathing.
When hurt, damage is shared between your health and your magic reserves.
Your movements are slightly less encumbered by armour. (ER -2)
Casting spells heals you.


Message History

The hippogriff is lightly wounded.
The hippogriff bites you!
* * * LOW HITPOINT WARNING * * *
The hippogriff pecks you.
* * * LOW HITPOINT WARNING * * *
The hippogriff claws you but does no damage.
You slash the hippogriff!
The hippogriff is moderately wounded.
The hippogriff bites you but does no damage.
The hippogriff closely misses you.
The hippogriff claws you but does no damage.
You hit the hippogriff.
The hippogriff is moderately wounded.
The hippogriff closely misses you. The hippogriff pecks you.
You die...
The hippogriff claws you but does no damage.
Xom reaches out...
You are now level 4!
You rejoin the land of the living...
Are you sure you want to abandon this character and quit the game? (Confirm with "yes".)

. ..
###.#
####
.....
...###
....
#^...
###...
#..#
......
#@.#
......
#..#
......
#..#
......
#...
....##
#.###
....#
#..
###.#
### .#


There were no monsters in sight!

Vanquished Creatures
  A scorpion (D:4)
  5 adders
  2 oozes
  3 worms
  A dart slug (D:2)
  6 leopard geckos
  6 orcs
  2 bats (D:2)
  2 giant cockroaches
  6 goblins
  11 hobgoblins
  5 jackals
  3 quokkas
  A ball python (D:2)
  6 frilled lizards
  7 kobolds
  2 rats
69 creatures vanquished.

Vanquished Creatures (others)
  A rat (D:2)
1 creature vanquished.

Grand Total: 70 creatures vanquished

Notes
Turn   | Place    | Note
-------+----------+-------------------------------------------
     0 | D:1      | Leeroy the Skeleton Skald began the quest for the Orb.
     0 | D:1      | Reached XP level 1. HP: 12/12 MP: 4/4
   268 | D:1      | Reached skill level 3 in Long Blades
   291 | D:1      | Reached XP level 2. HP: 11/17 MP: 3/6
   594 | D:1      | Reached skill level 4 in Long Blades
  1040 | D:1      | Reached XP level 3. HP: 13/21 MP: 4/7
  1098 | D:1      | Learned a level 2 spell: Song of Slaying
  1101 | D:1      | Learned a level 2 spell: Swiftness
  1105 | D:1      | Learned a level 3 spell: Spectral Weapon
  1313 | D:2      | Found a runed door.
  1457 | D:2      | Reached skill level 5 in Long Blades
  1720 | D:2      | Found a snail-covered altar of Cheibriados.
  1738 | D:2      | Reached XP level 4. HP: 20/26 MP: 8/8
  2608 | D:3      | Reached skill level 6 in Long Blades
  2923 | D:3      | Reached XP level 5. HP: 25/30 MP: 9/9
  3180 | D:4      | Reached skill level 7 in Long Blades
  3457 | D:4      | Noticed a hippogriff
  3471 | D:4      | Slain by a hippogriff
  3472 | D:4      | Reached XP level 4. HP: 0/26 MP: 0/8
  3472 | D:4      | Quit the game

Skill      XL: |  1  2  3  4  5 |
---------------+----------------+-----
Long Blades    | 3 4 5 6 7 |  7.0
Fighting       | |  2.0
Armour         | |  1.1
Dodging        | |  2.0
Spellcasting   | |  3.0
Charms         | |  3.2

Action                   |  1- 3 |  4- 6 || total
-------------------------+-------+-------++-------
Melee: Long sword        |   163 |   153 ||   316
  Use: Scroll            |     1 |     1 ||     2
Armor: Leather armour    |    49 |       ||    49
       Chain mail        |    25 |    86 ||   111
Dodge: Dodged            |   125 |    48 ||   173
Block: Other             |     1 |     4 ||     5
